 Dungeon Crawl Stone Soup version 0.20.1-1-g8b1a95d (webtiles) character file.

271 Mesmaeker13 the Charmwright (level 6, -1/48 HPs)
             Began as a Draconian Skald on Aug 26, 2017.
             Slain by an orc wizard
             ... wielding a +0 dagger
              (4 damage)
             ... on level 4 of the Dungeon.
             The game lasted 00:06:59 (5422 turns).

Mesmaeker13 the Charmwright (Draconian Skald)       Turns: 5422, Time: 00:07:00

Health: -1/48      AC:  6    Str: 13    XL:     6   Next: 2%
Magic:  2/9        EV: 13    Int: 15    God:
Gold:   131        SH:  0    Dex: 11    Spells: 1/9 levels left

rFire    . . .     SeeInvis .   u - +0 morningstar
rCold    . . .     Gourm    .   (no shield)
rNeg     . . .     Faith    .   (armour unavailable)
rPois    .         Spirit   .   (helmet restricted)
rElec    .         Reflect  .   (no cloak)
rCorr    +         Harm     .   (no gloves)
MR       .....                  (no boots)
Stlth    +.........             (no amulet)
Regen    0.2/turn               l - ring of resist corrosion
MPRegen  0.2/turn               (no ring)

@: infused
A: unfitting armour, cold-blooded, AC +6
a: no special abilities


You were on level 4 of the Dungeon.
You were not hungry.

You visited 1 branch of the dungeon, and saw 4 of its levels.

You collected 131 gold pieces.

Inventory:

Hand Weapons
 u - a +0 morningstar (weapon)
 B - a +0 flail of holy wrath
Missiles
 t - 5 tomahawks (quivered)
 w - a throwing net
Armour
 o - a +0 pair of gloves
Jewellery
 l - a ring of resist corrosion (left hand)
Wands
 s - a wand of confusion (31/48)
Scrolls
 a - a scroll of identify
 e - a scroll of fog
 g - 4 scrolls of teleportation
 i - a scroll of amnesia {unknown}
 j - 3 scrolls of remove curse
 r - a scroll of random uselessness {unknown}
 y - a scroll of recharging {unknown}
 C - a scroll of blinking {unknown}
Potions
 d - a potion of ambrosia
 f - 2 potions of berserk rage
 h - a potion of degeneration {unknown}
 k - 3 potions of agility
 p - a potion of flight {unknown}
 q - a potion of lignification {unknown}
 v - a potion of heal wounds {unknown}
 x - a potion of resistance {unknown}
 z - 2 potions of might
 A - a potion of curing {unknown}
Books
 b - a book of Battle

   Spells                             Type                      Level
   a - Infusion                       Charms                       1
   b - Shroud of Golubria             Charms/Translocation         2
   c - Song of Slaying                Charms                       2
   d - Spectral Weapon                Hexes/Charms                 3
   e - Regeneration                   Charms/Necromancy            3
Comestibles
 c - 2 bread rations
 m - a meat ration
 n - 4 fruits


   Skills:
 - Level 2.1 Fighting
 + Level 3.9 Maces & Flails
 + Level 3.5 Dodging
 - Level 2.0 Spellcasting
 + Level 4.0 Charms
 + Level 1.7 Translocations


You had one spell level left.
You knew the following spells:

 Your Spells              Type           Power        Failure   Level  Hunger
a - Infusion              Chrm           ##..         4%          1    #......
b - Shroud of Golubria    Chrm/Tloc      ##........   11%         2    ###....
c - Song of Slaying       Chrm           ##......     6%          2    ###....
d - Regeneration          Chrm/Necr      #.........   28%         3    ###....


Dungeon Overview and Level Annotations

Branches:
Dungeon (4/15)
 Temple: D:4-7

Altars:
Makhleb


Innate Abilities, Weirdness & Mutations

Your plain brown scales are hard. (AC +6)
You cannot fit into any form of body armour.
You are cold-blooded and may be slowed by cold attacks.


Message History

Your experience leads to an increase in your attributes!
Increase (S)trength, (I)ntelligence, or (D)exterity?
You feel clever.
Your scales feel tougher.
Your shroud bends the orc's attack away!
The orc hits you from afar with a trident!
Your shroud falls apart!
You thump the orc wizard!
The orc wizard is heavily wounded.
The orc wizard misses you.
The orc hits you from afar with a trident!
You barely miss the orc wizard.
The orc wizard is heavily wounded.
The orc wizard points at you and mumbles some strange words.
The puff of flame hits you!
* * * LOW HITPOINT WARNING * * *
The orc completely misses you.
You closely miss the orc wizard.
The orc wizard is heavily wounded.
The orc wizard hits you with a dagger.
You die...

......<# #........[....#
.......# ##......###...#
.......# ##.....# #...#
.......# #.....###...#
###..... #.####......#
...... #...##.##...#
##..... # #....##...#
#<#.....########o.######
........@oo.#
....#######(# # #.#


#oo .... ..... o...... ...$...# .o..S..## You could see an orc wizard and 2
orcs.

Vanquished Creatures
  2 orc wizards (D:4)
  A hound (D:2)
  3 gnolls (D:3)
  4 adders
  3 worms
  2 dart slugs
  6 leopard geckos
  11 orcs
  9 bats
  5 giant cockroaches
  5 goblins
  9 hobgoblins
  6 jackals
  A ball python (D:1)
  4 frilled lizards
  11 kobolds
  A leopard gecko skeleton (D:3)
  11 rats
94 creatures vanquished.

Notes
Turn   | Place    | Note
-------+----------+-------------------------------------------
     0 | D:1      | Mesmaeker13 the Draconian Skald began the quest for the Orb.
     0 | D:1      | Reached XP level 1. HP: 17/17 MP: 3/3
   143 | D:1      | Reached skill level 3 in Charms
   278 | D:1      | Reached XP level 2. HP: 15/24 MP: 0/5
  1216 | D:1      | Reached XP level 3. HP: 27/29 MP: 3/6
  1222 | D:1      | Learned a level 2 spell: Shroud of Golubria
  2557 | D:2      | Reached XP level 4. HP: 31/36 MP: 7/7
  2974 | D:2      | Found a burning altar of Makhleb.
  3782 | D:2      | Learned a level 2 spell: Song of Slaying
  3946 | D:3      | Reached XP level 5. HP: 41/41 MP: 2/8
  4931 | D:3      | Reached skill level 1 in Translocations
  5353 | D:4      | Learned a level 3 spell: Regeneration
  5419 | D:4      | Reached skill level 4 in Charms
  5419 | D:4      | Reached XP level 6. HP: 30/48 MP: 1/9
  5422 | D:4      | Slain by an orc wizard

Skill      XL: |  1  2  3  4  5 |
---------------+----------------+-----
Charms         | 3 4 |  4.0
Maces & Flails | 3 |  3.9
Dodging        | 3 |  3.5
Translocations | 1 |  1.7
Fighting       | |  2.1
Spellcasting   | |  2.0

Action                   |  1- 3 |  4- 6 || total
-------------------------+-------+-------++-------
Melee: Mace              |   127 |    81 ||   208
       Tailslap          |     8 |    10 ||    18
       Morningstar       |       |    73 ||    73
 Cast: Infusion          |    10 |    11 ||    21
       Shroud of Golubri |     3 |     7 ||    10
       Song of Slaying   |       |     1 ||     1
  Use: Scroll            |     2 |     4 ||     6
 Stab: Sleeping          |       |     1 ||     1
  Eat: Chunk             |     5 |    11 ||    16
Armor: Skin              |    46 |    36 ||    82
Dodge: Dodged            |    86 |   121 ||   207
